 Dungeon Crawl Stone Soup version 0.27.0-1-g7a089689b8 (webtiles) character file.

Game seed: 6900038371906926256

1138 ZombieSheep the Ruffian (level 8, 0/67 HPs)
             Began as a Grey Draconian Transmuter on Aug 3, 2021.
             Killed from afar by a steam dragon (17 damage)
             ... with a ball of steam
             ... on level 6 of the Dungeon.
             The game lasted 00:13:55 (5910 turns).

ZombieSheep the Ruffian (Grey Draconian Transmuter) Turns: 5910, Time: 00:13:56

Health: 0/67       AC:  2    Str: 12    XL:     8   Next: 14%
Magic:  13/14      EV: 21    Int: 17    God:
Gold:   873        SH:  0    Dex: 16    Spells: 1/15 levels left

rFire    . . .     SeeInvis .     - Unarmed
rCold    . . .     Faith    .   (shield currently unavailable)
rNeg     . . .     Spirit   .   (armour unavailable)
rPois    x         Reflect  .   (helmet currently unavailable)
rElec    .         Harm     .   (cloak currently unavailable)
rCorr    .         Rampage  .   (gloves currently unavailable)
Will     +....                  (boots currently unavailable)
Stlth    +.........             (no amulet)
HPRegen  0.21/turn              n - ring of willpower
MPRegen  0.14/turn              (no ring)

@: spider-form (expiring)
A: venomous fangs, AC +11, (amphibious), tiny, unfitting armour, (cold-blooded)
a: End Transformation


You were on level 6 of the Dungeon.
You were a venomous arachnid creature.
You visited 1 branch of the dungeon, and saw 6 of its levels.

You collected 873 gold pieces.

Inventory:

Armour
 k - a +0 pair of gloves (melded)
 m - a +2 pair of boots (melded)
Jewellery
 n - a ring of willpower (left front leg)
Scrolls
 a - 3 scrolls of identify
 d - 3 scrolls of teleportation
 f - 3 scrolls of blinking
Potions
 b - a potion of lignification
 c - 2 potions of flight
 g - 2 potions of cancellation
 h - a potion of degeneration {unknown}
 i - 2 potions of attraction {unknown}
 j - a potion of brilliance {unknown}
 l - 2 potions of haste
 o - a potion of magic {unknown}


   Skills:
 + Level 4.5 Fighting
 + Level 4.1 Dodging
 + Level 5.0 Unarmed Combat
 + Level 4.3 Spellcasting
 + Level 4.4 Transmutations
 + Level 0.4 Earth Magic
 - Level 2.1 Poison Magic


You had one spell level left.
You knew the following spells:

 Your Spells              Type           Power      Damage    Failure   Level
a - Beastly Appendage     Tmut           36%        N/A       10%         1
b - Spider Form           Tmut/Pois      7%         N/A       28%         3
c - Ice Form              Ice/Tmut       11%        N/A       73%         4
d - Statue Form           Tmut/Erth      8%         N/A       100%        6

Your spell library contained the following spells:

 Spells                   Type           Power      Damage    Failure   Level
 Wereblood                Tmut           18%        N/A       12%         2
 Petrify                  Tmut/Erth      12%        N/A       71%         4
 Summon Lightning Spire   Summ/Air       3%         N/A       94%         4
 Metabolic Englaciation   Hex/Ice        1%         N/A       100%        5
 Storm Form               Tmut/Air       5%         N/A       100%        7
 Maxwell's Capacitive Co  Air            1%         ∞         100%        8


Dungeon Overview and Level Annotations

Branches:
Dungeon (6/15)
 Temple: D:4-7

Altars:
Elyvilon
Fedhas
Sif Muna
Vehumet

Shops:
D:2 *


Innate Abilities, Weirdness & Mutations

You are a venomous arachnid creature.
You have poisonous fangs.
You are tiny and dextrous.
Your spellcasting is less reliable in this form.
Your armour is entirely melded.
You are incapable of wielding weapons or throwing items.
((Your dull iron-grey scales are very hard. (AC +11)))
((You are amphibious.))
You cannot fit into any form of body armour.
((You are cold-blooded and may be slowed by cold attacks.))


Message History

You are engulfed in a cloud of scalding steam.
The steam dragon completely misses you. The steam dragon barely misses you.
You hit the steam dragon.
The steam dragon is poisoned.
The steam dragon is lightly wounded.
You are engulfed in a cloud of scalding steam.
The steam dragon barely misses you. x2
You hit the steam dragon.
The steam dragon looks as sick as possible!
The steam dragon is moderately wounded.
The steam dragon misses you. The steam dragon claws you.
You barely miss the steam dragon.
The steam dragon is moderately wounded.
The steam dragon breathes steam at you. The ball of steam hits you!
You barely miss the steam dragon.
The steam dragon is moderately wounded.
You are engulfed in a cloud of scalding steam.
* * * LOW HITPOINT WARNING * * *
The steam dragon misses you. The steam dragon closely misses you.
Unknown command.
You are engulfed in a cloud of scalding steam.
* * * LOW HITPOINT WARNING * * *
You feel much better.
You are engulfed in a cloud of scalding steam.
* * * LOW HITPOINT WARNING * * *
Your transformation is almost over.
The steam dragon completely misses you. The steam dragon misses you.
You barely miss the steam dragon.
The steam dragon is heavily wounded.
The steam dragon completely misses you. The steam dragon closely misses you.
You hit the steam dragon.
The steam dragon looks as sick as possible!
The steam dragon is severely wounded.
The steam dragon misses you. The steam dragon claws you.
* * * LOW HITPOINT WARNING * * *
You hit the steam dragon.
The steam dragon is almost dead.
The steam dragon breathes steam at you. The ball of steam hits you!
You die...

# + ############
#########..........#
#§.sD...'...........
#########..........#
#..........#
#..........#
#..........#
############


You could see a steam dragon (extremely poisoned, catching breath).

Vanquished Creatures
  3 yaks (D:5)
  A necrophage (D:3)
  An ogre (D:4)
  A water moccasin skeleton (D:4)
  3 howler monkeys
  A jelly (D:6)
  2 hounds
  2 iguanas (D:5)
  Natasha (thrice) (D:2)
  2 orc wizards (D:5)
  A hound skeleton (D:5)
  4 adders
  An adder skeleton (D:4)
  A worm (D:2)
  2 dart slugs (D:3)
  5 orcs
  3 bats
  5 endoplasms
  4 giant cockroaches
  3 goblins
  6 hobgoblins
  6 jackals (D:4)
  A quokka (D:4)
  7 ball pythons
  2 frilled lizards (D:1)
  5 kobolds
  4 rats
79 creatures vanquished.

Vanquished Creatures (others)
  A white imp (D:6)
1 creature vanquished.

Grand Total: 80 creatures vanquished

Notes
Turn   | Place    | Note
-------+----------+-------------------------------------------
     0 | D:1      | ZombieSheep the Draconian Transmuter began the quest for
                  | the Orb.
     0 | D:1      | Reached XP level 1. HP: 16/16 MP: 3/3
   317 | D:1      | Reached XP level 2. HP: 18/23 MP: 5/5
  1232 | D:2      | Noticed Natasha
  1239 | D:2      | Killed Natasha
  1240 | D:2      | Reached XP level 3. HP: 12/29 MP: 4/6
  1430 | D:2      | Learned a level 3 spell: Spider Form
  1483 | D:2      | Found a faded altar of an unknown god.
  1505 | D:2      | Found Furyo's Assorted Antiques.
  1585 | D:2      | Noticed Natasha
  1599 | D:2      | Killed Natasha
  1600 | D:2      | Reached XP level 4. HP: 20/36 MP: 7/7
  1721 | D:2      | Noticed Natasha
  1729 | D:2      | Killed Natasha
  2298 | D:3      | Found a radiant altar of Vehumet.
  2802 | D:3      | Reached XP level 5. HP: 38/42 MP: 7/9
  2942 | D:3      | Noticed a necrophage
  2966 | D:3      | Killed a necrophage
  2967 | D:3      | Reached skill level 1 in Poison Magic
  3215 | D:3      | Identified a scroll of acquirement
  3215 | D:3      | Acquired 674 gold pieces
  3435 | D:4      | Reached XP level 6. HP: 50/50 MP: 3/10
  3440 | D:4      | Learned a level 4 spell: Ice Form
  3470 | D:4      | Noticed a water moccasin
  3471 | D:4      | Reached skill level 4 in Unarmed Combat
  3754 | D:5      | Entered Level 5 of the Dungeon
  4407 | D:5      | Your scales start taking on a dull iron-grey colour.
  4407 | D:5      | Reached XP level 7. HP: 57/57 MP: 5/12
  4495 | D:5      | Noticed a yak
  4500 | D:5      | Noticed a yak
  4502 | D:5      | Noticed a yak
  4511 | D:5      | Killed a yak
  4519 | D:5      | Killed a yak
  4527 | D:5      | Killed a yak
  4682 | D:5      | Found a blossoming altar of Fedhas.
  5147 | D:4      | Found a white marble altar of Elyvilon.
  5163 | D:4      | Reached skill level 5 in Unarmed Combat
  5163 | D:4      | Reached XP level 8. HP: 67/67 MP: 7/14
  5227 | D:4      | Learned a level 6 spell: Statue Form
  5295 | D:4      | Found a shimmering blue altar of Sif Muna.
  5906 | D:6      | HP: 3/67 [steam dragon] (10)]
  5910 | D:6      | Killed from afar by a steam dragon

Illustrated notes

Levels and vault maps discovered:
D:1:      dpeg_arrival_houses_and_road, layout_loops_ring
D:2:      layout_rooms, chequers_ecumenical_altar_simple, serial_shops,
          shop_statue, uniq_natasha
D:3:      layout_loops_corners, mainiacjoe_overflow_tiny_flanked
D:4:      layout_loops_ring, mainiacjoe_overflow_boulevard,
          nicolae_sif_muna_little_library, grunt_decor_one_mirror
D:5:      layout_loops_corners, fedhas_altar_2
D:6:      layout_basic, grunt_temple_overflow_order_and_chaos_2,
          lemuel_doored_altar, minmay_temple_entry_statues_fountains

Skill      XL: |  1  2  3  4  5  6  7 |
---------------+----------------------+-----
Dodging        | 2 3 4 |  4.1
Fighting       | 2 3 4 |  4.5
Transmutations | 3 4 |  4.4
Poison Magic   | 1 2 |  2.1
Spellcasting   | 3 4 |  4.3
Unarmed Combat | 4 5 |  5.0
Earth Magic    | |  0.4

Action                   |  1- 3 |  4- 6 |  7- 9 || total
-------------------------+-------+-------+-------++-------
Melee: Unarmed           |    90 |   168 |    66 ||   324
       Tailslap          |     7 |    13 |     1 ||    21
       Kick              |    11 |     9 |       ||    20
       Headbutt          |     6 |     6 |       ||    12
       Punch             |     1 |       |       ||     1
 Cast: Beastly Appendage |    11 |     9 |       ||    20
       Spider Form       |       |     7 |     9 ||    16
  Use: Scroll            |     6 |     9 |     2 ||    17
       Potion            |       |     1 |     1 ||     2
 Stab: Sleeping          |     1 |       |       ||     1
Armor: Skin              |    24 |    43 |     8 ||    75
Dodge: Dodged            |    55 |    87 |    58 ||   200
